 Dungeon Crawl Stone Soup version 0.31-a0-1009-g454b1f1e0a (webtiles) character file.

Game seed: 9631324569746953237

378 BinkBink the Shooter (level 6, -2/32 HPs)
             Began as a Spriggan Hunter on Nov 15, 2023.
             Shot with an arrow by a centaur (13 damage)
             ... on level 5 of the Dungeon.
             The game lasted 00:03:43 (3994 turns).

BinkBink the Shooter (Spriggan Hunter)              Turns: 3994, Time: 00:03:43

Health: -2/32      AC:  2    Str:  7    XL:     6   Next: 45%
Magic:  0/7        EV: 20    Int: 11    God:
Gold:   276        SH:  0    Dex: 20    Spells: 5/5 levels left

rFire   . . .        a - +0 shortbow
rCold   . . .        (shield currently unavailable)
rNeg    . . .        c - +0 robe
rPois   .            (helmet restricted)
rElec   .            (no cloak)
rCorr   .            (gloves unavailable)
SInv    +            (boots unavailable)
Will    +....        f - amulet of guardian spirit
Stlth   +++          (no ring)
HPRegen 0.25/turn    (no ring)
MPRegen 0.10/turn

%: guardian spirit
@: very quick
A: very small, no large weapons, unfitting armour, see invisible, speed 3
a: no special abilities


You were on level 5 of the Dungeon.
You visited 1 branch of the dungeon, and saw 5 of its levels.

You collected 276 gold pieces.

Inventory:

Hand Weapons
 a - a +0 shortbow (weapon)
Missiles
 o - 2 throwing nets
Armour
 c - a +0 robe (worn)
Jewellery
 f - an amulet of guardian spirit (around neck)
Talismans
 q - a maw talisman
Wands
 s - a wand of acid (14)
Scrolls
 b - a scroll of butterflies
 d - 3 scrolls of identify {unknown}
 g - a scroll of silence {unknown}
 h - a scroll of vulnerability {unknown}
 i - 2 scrolls of enchant armour {unknown}
 l - a scroll of revelation {unknown}
 m - a scroll of poison {unknown}
 n - a scroll of blinking {unknown}
 t - 2 scrolls of enchant weapon {unknown}
 u - a scroll of noise {unknown}
Potions
 e - a potion of invisibility {unknown}
 j - a potion of might {unknown}
 k - a potion of magic {unknown}
 p - a potion of curing {unknown}
 r - a potion of heal wounds {unknown}
 v - a potion of resistance {unknown}
 w - a potion of brilliance {unknown}


   Skills:
 + Level 2.8 Fighting
 * Level 5.4 Ranged Weapons
 + Level 4.6 Dodging
 + Level 4.6 Stealth
 + Level 2.4 Shapeshifting


You had 5 spell levels left.
You didn't know any spells.
Your spell library contained the following spells:

 Spells                   Type           Power      Damage    Failure   Level
 Ensorcelled Hibernation  Hex/Ice        0%         N/A       47%         2
 Passwall                 Tmut/Erth      0%         N/A       47%         2
 Ignite Poison            Fire/Tmut/Pois 0%         N/A       71%         3
 Inner Flame              Hex/Fire       0%         N/A       71%         3
 Summon Guardian Golem    Hex/Summ       0%         N/A       71%         3
 Swiftness                Air            0%         N/A       71%         3
 Animate Armour           Summ/Erth      0%         N/A       98%         4
 Flame Wave               Conj/Fire      0%         2d4       98%         4
 Sticky Flame             Conj/Fire      0%         2d3       98%         4
 Summon Lightning Spire   Summ/Air       0%         N/A       98%         4
 Lee's Rapid Deconstruct  Erth           0%         3d4*      100%        5
 Orb of Destruction       Conj           0%         9d5       100%        7
 Spellforged Servitor     Conj/Summ      0%         N/A       100%        7
 Ignition                 Fire           0%         3d3       100%        8


Dungeon Overview and Level Annotations

Branches:
Dungeon (5/15)
 Temple: D:4-7

Altars:

Annotations:
D:2 1 runed translucent door, Crazy Yiuf
D:4 2 runed translucent doors, Drangen's ghost, amateur SpHu


Innate Abilities, Weirdness & Mutations

You are very small and have problems with some larger weapons.
You are too small for most types of armour.
You have supernaturally acute eyesight. (SInv)
You cover ground extremely quickly. (Speed+++)


Message History

The arrow hits the ice beast but does no damage.
The ice beast is lightly wounded.
You shoot an arrow.
The arrow hits the ice beast but does no damage.
The ice beast is lightly wounded.
You open the door.
There is an open door here.
You open the door.
There is an open door here.
You start resting.
HP restored.
You start waiting.
Done waiting.
A centaur comes into view.
You shoot an arrow. The arrow hits the centaur!
The centaur shouts!
The centaur is moderately wounded.
The centaur wields a +0 orcbow.
The centaur shoots an arrow.
The arrow completely misses you.
The centaur shoots an arrow.
The arrow misses you.
You shoot an arrow.
The arrow hits the centaur but does no damage.
The centaur is moderately wounded.
The centaur shoots an arrow.
The arrow barely misses you.
You shoot an arrow. The arrow barely misses the centaur.
The centaur shoots an arrow.
The arrow misses you.
The centaur shoots an arrow.
The arrow barely misses you.
You shoot an arrow. The arrow hits the centaur.
The centaur is heavily wounded.
The centaur shoots an arrow.
The arrow misses you.
You shoot an arrow.
The arrow hits the centaur but does no damage.
The centaur is heavily wounded.
The centaur shoots an arrow.
The arrow hits you!
You shoot an arrow. The arrow hits the centaur.
The centaur is heavily wounded.
The centaur shoots an arrow.
The arrow hits you!
An ogre comes into view. It is wielding a +0 giant club.
The centaur shoots an arrow.
The arrow hits you!
You die...

............#.##
#......
.#...<......#..#
....
............##.#
...
............##.# ##
#...........##.## #
##..........##..#
.#
#.........<###.##.#
#..........# #.#..#
###......### #.@.#
#.###..# #..### #.
#..# #..# # #...
....# ..#.c#...#
.#... ..#.. #
...... ?.O....


You could see an ogre and a centaur.

Vanquished Creatures
  2 hounds
  2 jellies
  2 orc priests (D:4)
  An orc wizard (D:4)
  Robin (D:3)
  4 adders
  A shadow imp (D:5)
  A worm (D:4)
  A dart slug (D:4)
  9 orcs
  7 endoplasms
  6 giant cockroaches
  21 goblins
  10 hobgoblins
  7 jackals
  2 quokkas
  3 ball pythons
  2 bats
  5 frilled lizards
  9 kobolds
  2 rats
98 creatures vanquished.

Notes
Turn   | Place    | Note
-------+----------+-------------------------------------------
     0 | D:1      | BinkBink the Spriggan Hunter began the quest for the Orb.
     0 | D:1      | Reached XP level 1. HP: 10/10 MP: 2/2
   148 | D:1      | Reached XP level 2. HP: 14/15 MP: 3/3
   431 | D:2      | Reached XP level 3. HP: 18/18 MP: 4/4
   514 | D:2      | Found a runed translucent door.
   515 | D:2      | Noticed Crazy Yiuf
  1389 | D:3      | Reached XP level 4. HP: 23/23 MP: 5/5
  1905 | D:3      | Noticed Robin
  2121 | D:3      | Reached skill level 1 in Shapeshifting
  2407 | D:3      | Killed Robin
  2752 | D:4      | Reached XP level 5. HP: 27/27 MP: 6/6
  3054 | D:5      | Entered Level 5 of the Dungeon
  3254 | D:4      | Reached skill level 5 in Ranged Weapons
  3319 | D:4      | Found a large runed translucent door.
  3319 | D:4      | Found a large runed translucent door.
  3321 | D:4      | Noticed Drangen's ghost (amateur SpHu)
  3339 | D:4      | Reached XP level 6. HP: 32/32 MP: 7/7
  3801 | D:5      | Noticed an ice beast
  3994 | D:5      | Shot with an arrow by a centaur

Illustrated notes

Levels and vault maps discovered:
D:1:      minmay_arrival_loop, layout_rooms
D:2:      layout_loops_ring, nrook_mini_vaults, uniq_crazy_yiuf_cottage
D:3:      kennysheep_goblin_castle, layout_loops_ring, serial_rivers,
          chequers_serial_rivers_micro_c, chequers_serial_rivers_room_b,
          chequers_serial_rivers_small_3, chequers_serial_rivers_micro_b,
          chequers_serial_rivers_micro_e, corexii_corridor_pit
D:4:      layout_basic, ebering_ghost_disaster_area, serial_forest,
          infiniplex_forest_clump_diagonal, infiniplex_forest_straight_3,
          infiniplex_forest_corner_2, infiniplex_forest_straight_1,
          infiniplex_forest_lined_ring, infiniplex_forest_lined_corner,
          kennysheep_donut, minmay_fractal_squares_diagonal_5
D:5:      layout_rooms, chequers_temple_overflow_statue_of_worship,
          grunt_decor_clamped, minmay_misc_feat_pillars,
          minmay_misc_feat_encased

Skill      XL: |  1  2  3  4  5 |
---------------+----------------+-----
Stealth        | 2 3 4 |  4.6
Dodging        | 3 4 |  4.6
Fighting       | 2 |  2.8
Shapeshifting  | 1 2 |  2.4
Ranged Weapons | 5 |  5.4

Action                     |  1- 3 |  4- 6 || total
---------------------------+-------+-------++-------
   Fire: Shortbow          |    91 |   218 ||   309
 Armour: Robe              |    11 |    26 ||    37
  Dodge: Dodged            |    28 |    72 ||   100

Table legend: (Time is in decaauts)
 A = Elapsed time spent in this place.
 B = Non-inter-level travel time spent in this place.
 C = Inter-level travel time spent in this place.
 D = Time resting spent in this place.
 E = Time spent auto-exploring this place.
 F = Levels seen in this place.
 G = Mean time per level.
                   A        B        C        D        E       F      G
               +--------+--------+--------+--------+--------+-----+--------+
         Total |   2948 |   2858 |     90 |    767 |   1578 |   5 |  589.6 |
       Dungeon |   2948 |   2858 |     90 |    767 |   1578 |   5 |  589.6 |
               +--------+--------+--------+--------+--------+-----+--------+

Top non-repeatable levels by time:
     D:3: 1082 daAuts
     D:4: 706 daAuts
     D:2: 526 daAuts
     D:5: 361 daAuts
     D:1: 272 daAuts
